 Dungeon Crawl Stone Soup version 0.22.1-1-ga44c0e5 (webtiles) character file.

141 MalarOregon the Chiller (level 5, -1/38 HPs)
             Began as a Merfolk Ice Elementalist on Nov 7, 2018.
             Slain by Sigmund
             ... wielding a +0 scythe
              (11 damage)
             ... on level 2 of the Dungeon.
             The game lasted 00:07:36 (2735 turns).

MalarOregon the Chiller (Merfolk Ice Elementalist)  Turns: 2735, Time: 00:07:37

Health: -1/38      AC:  3    Str:  8    XL:     5   Next: 24%
Magic:  1/9        EV: 14    Int: 15    God:
Gold:   81         SH:  0    Dex: 15    Spells: 2/9 levels left

rFire    . . .     SeeInvis .   (no weapon)
rCold    . . .     Gourm    .   (no shield)
rNeg     . . .     Faith    .   a - +0 robe
rPois    .         Spirit   .   (no helmet)
rElec    .         Reflect  .   n - +0 cloak
rCorr    .         Harm     .   (no gloves)
MR       .....                  (no boots)
Stlth    ++........             (no amulet)
HPRegen  0.12/turn              (no ring)
MPRegen  0.11/turn              (no ring)

@: no status effects
A: change form in water, swift swim, stealthy swim
a: no special abilities


You were on level 2 of the Dungeon.
You were not hungry.

You visited 1 branch of the dungeon, and saw 2 of its levels.

You collected 81 gold pieces.

Inventory:

Missiles
 d - 8 tomahawks (quivered)
 k - 5 needles of sleeping
Armour
 a - a +0 robe (worn)
 n - a +0 cloak (worn)
   (You found it on level 2 of the Dungeon)
Scrolls
 c - a scroll of amnesia {unknown}
 f - 3 scrolls of identify {unknown}
 g - a scroll of remove curse {unknown}
 i - a scroll of blinking {unknown}
 m - a scroll of noise {unknown}
Potions
 b - 4 potions of curing {unknown}
 h - a potion of experience {unknown}
 j - a potion of flight {unknown}
Comestibles
 e - 4 rations {!d}


   Skills:
 + Level 2.0 Fighting
 + Level 3.8 Dodging
 - Level 2.1 Stealth
 + Level 2.7 Spellcasting
 + Level 1.0 Conjurations
 * Level 4.7 Ice Magic


You had 2 spell levels left.
You knew the following spells:

 Your Spells              Type           Power        Failure   Level  Hunger
a - Freeze                Ice            ###.         3%          1    #......
c - Throw Icicle          Conj/Ice       ##......     54%         4    #####..
x - Throw Frost           Conj/Ice       ##....       10%         2    ##.....

Your spell library contained the following spells:

 Spells                   Type           Power        Failure   Level  Hunger
 Ozocubu's Armour         Chrm/Ice       #.......     24%         3    ###....
 Summon Ice Beast         Ice/Summ       #.......     61%         4    #####..


Dungeon Overview and Level Annotations

Branches:
Dungeon (2/15)

Altars:
Fedhas
Kikubaaqudgha

Annotations:
D:2 Sigmund


Message History

Aim: Sigmund, wielding a scythe and wearing a robe (moderately wounded)
You freeze Sigmund.
Aim: Sigmund, wielding a scythe and wearing a robe (heavily wounded)
You freeze Sigmund. Sigmund casts a spell at you.
You are confused.
You closely miss the ball python. Sigmund misses you.
The ball python misses you. The ball python closely misses you.
You bump into the rock wall.
The ball python misses you. The ball python grabs you.
The ball python constricts you. Sigmund hits you but does no damage.
You barely miss the ball python. The ball python barely misses you.
The ball python constricts you.
You bump into the rock wall.
The ball python barely misses you. The ball python constricts you.
Sigmund misses you.
You're too confused to move!
The ball python bites you but does no damage.
The ball python constricts you. Sigmund barely misses you.
The ball python barely misses you. The ball python constricts you.
You're too confused to move!
You feel less confused. The ball python bites you.
The ball python constricts you.
Aim: a ball python (constricting you)
You freeze the ball python.
You kill the ball python!
Sigmund hits you with a scythe.
Aim: Sigmund, wielding a scythe and wearing a robe (heavily wounded)
You freeze Sigmund. Sigmund casts a spell at you. The puff of flame misses you.
Aim: Sigmund, wielding a scythe and wearing a robe (heavily wounded)
You freeze Sigmund.
Sigmund points at you and mumbles some strange words.
The magic dart hits you!
Aim: Sigmund, wielding a scythe and wearing a robe (severely wounded)
You freeze Sigmund. Sigmund barely misses you.
Aim: Sigmund, wielding a scythe and wearing a robe (severely wounded)
You freeze Sigmund. You hit Sigmund. Sigmund gestures at you while chanting.
The puff of flame hits you!
* * * LOW HITPOINT WARNING * * *
You hit Sigmund but do no damage. Sigmund hits you with a scythe!
* * * LOW HITPOINT WARNING * * *
Sigmund mumbles some strange words.
Sigmund flickers and vanishes!
There is a stone staircase leading up, spattered with blood here.
You see here a ball python corpse.
Something hits you!
You die...

..##...#.# ####.......#####
.....#.#.#######...........### #
.##..#.#.......#........##...####
..#..#.........#...[....###......
#.#..##..........................
#..............####.###..........
.#.####..###..####{.....###......
.#.# #@.# #.###....####....#####
...####..# #.# #@##.###..##.. ###
.#...#...# #.# #.#.)##..# ###....
##@#.....###.###.......##### # #
#.#.......@.....#####.....# #
##.#...^....#.......##.....# #
#..#................##.....######
).###....#..#....................
.##.........##.##...##.....######
....#...##.....##.S........# #


There were no monsters in sight!

Vanquished Creatures
  2 hounds (D:2)
  4 adders (D:2)
  A dart slug (D:1)
  A leopard gecko (D:2)
  2 ball pythons (D:2)
  2 giant cockroaches
  8 goblins
  5 hobgoblins (D:1)
  3 jackals (D:1)
  A kobold (D:2)
  A quokka (D:2)
  8 bats
  2 frilled lizards (D:1)
  2 rats (D:1)
42 creatures vanquished.

Notes
Turn   | Place    | Note
-------+----------+-------------------------------------------
     0 | D:1      | MalarOregon the Merfolk Ice Elementalist began the quest
                  | for the Orb.
     0 | D:1      | Reached XP level 1. HP: 13/13 MP: 3/3
   316 | D:1      | Reached XP level 2. HP: 20/20 MP: 1/5
   617 | D:1      | Learned a level 2 spell: Throw Frost
   705 | D:1      | Reached skill level 1 in Fighting
  1032 | D:1      | Reached XP level 3. HP: 24/26 MP: 3/6
  1393 | D:2      | Reached skill level 4 in Ice Magic
  1393 | D:2      | Reached XP level 4. HP: 11/32 MP: 0/7
  1970 | D:2      | Learned a level 4 spell: Throw Icicle
  2127 | D:2      | Reached XP level 5. HP: 38/38 MP: 3/8
  2311 | D:2      | Found a blossoming altar of Fedhas.
  2313 | D:2      | Found an ancient bone altar of Kikubaaqudgha.
  2346 | D:2      | Noticed Sigmund
  2359 | D:2      | Reached skill level 1 in Conjurations
  2735 | D:2      | Slain by Sigmund

Skill      XL: |  1  2  3  4  5 |
---------------+----------------+-----
Dodging        | 3 |  3.8
Fighting       | 1 2 |  2.0
Ice Magic      | 4 |  4.7
Conjurations   | 1 |  1.0
Stealth        | |  2.1
Spellcasting   | |  2.7

Action                   |  1- 3 |  4- 6 || total
-------------------------+-------+-------++-------
Melee: Unarmed           |     9 |     6 ||    15
 Cast: Freeze            |    47 |    30 ||    77
       Throw Frost       |       |    18 ||    18
  Eat: Chunk             |     2 |     4 ||     6
       Ration            |       |     1 ||     1
Armor: Robe              |     6 |     3 ||     9
Dodge: Dodged            |    39 |    38 ||    77
